| TOP OF THE 1ST |
|
Rochester Red Wings batting - Pitching for Round Rock Express : RHP Morton Gimsing
|
|
Pitching: RHP Morton Gimsing
|
|
|
Batting: SHB David Myles
|
0-0: Foul Ball, location: 2F 0-1: Ball 1-1: Called Strike 1-2: Foul Ball, location: 2F 1-2: Ball 2-2: Ground out 4-3 (Groundball, 34D, EV 105.6 MPH)
|
|
Batting: RHB Tony Rivera
|
0-0: Called Strike 0-1: Ball 1-1: Called Strike 1-2: Foul Ball, location: 2F 1-2: Strikes out looking
|
|
Batting: RHB Hildo Pot
|
0-0: Ball 1-0: Ground out 4-3 (Groundball, 34, EV 111.9 MPH)
|
| Top of the 1st over - 0 runs, 0 hits, 0 errors, 0 left on base; Rochester 0 - Round Rock 0 |
| BOTTOM OF THE 1ST |
|
Round Rock Express batting - Pitching for Rochester Red Wings : LHP Brett Grijalva
|
|
Pitching: LHP Brett Grijalva
|
|
|
Batting: SHB David Simpson
|
0-0: Ball 1-0: Called Strike 1-1: Ball 2-1: SINGLE (Groundball, 4MD, EV 101.9 MPH)
|
|
Batting: RHB Luke Stark
|
0-0: Foul Ball, location: 2F 0-1: Fly out, F7 (Flyball, 7, EV 90.6 MPH)
|
|
Batting: RHB Andrew Clarke
|
0-0: Ball 1-0: Called Strike 1-1: Ball 2-1: Called Strike 2-2: Strikes out swinging
|
|
Batting: LHB Jeff Densmore
|
0-0: Called Strike 0-1: Ball 1-1: 2-RUN HOME RUN (Line Drive, 7D, EV 105.6 MPH), Distance : 388 ft
|
|
Batting: RHB Dale Aubrey
|
0-0: Called Strike 0-1: Swinging Strike 0-2: Foul Ball, location: 2F 0-2: Ball 1-2: Ball 2-2: Ball 3-2: Foul Ball, location: 2F 3-2: Base on Balls
|
|
Batting: RHB Bobby Keithley
|
0-0: Ball 1-0: Fly out, F9 (Flyball, 89M, EV 83.8 MPH)
|
| Bottom of the 1st over - 2 runs, 2 hits, 0 errors, 1 left on base; Rochester 0 - Round Rock 2 |
| TOP OF THE 2ND |
|
Rochester Red Wings batting - Pitching for Round Rock Express : RHP Morton Gimsing
|
|
Batting: RHB Michel Martineau
|
0-0: Swinging Strike 0-1: Called Strike 0-2: Strikes out swinging
|
|
Batting: SHB Aaron Tatar
|
0-0: SINGLE (Line Drive, 89M, EV 105.0 MPH)
|
|
Batting: RHB Joe Zimmerman
|
0-0: Ball 1-0: Grounds into double play, 6-4-3 (Groundball, 6, EV 85.6 MPH)
|
| Top of the 2nd over - 0 runs, 1 hit, 0 errors, 0 left on base; Rochester 0 - Round Rock 2 |
| BOTTOM OF THE 2ND |
|
Round Rock Express batting - Pitching for Rochester Red Wings : LHP Brett Grijalva
|
|
Batting: SHB Alvare Bairro
|
0-0: Swinging Strike 0-1: Swinging Strike 0-2: Ball 1-2: Ball 2-2: Ground out 3-1 (Groundball, 34, EV 89.4 MPH)
|
|
Batting: LHB Grant Johnson
|
0-0: SINGLE (Line Drive, 89S, EV 97.5 MPH)
|
|
Batting: LHB Yat-sen Zhu
|
0-0: Ball Grant Johnson steals 2nd base 1-0: Ball 2-0: Fly out, F8 (Flyball, 8RD, EV 95.0 MPH)
|
|
Batting: SHB David Simpson
|
0-0: Ball 1-0: Foul Ball, location: 2F 1-1: Foul Ball, location: 2F 1-2: Fly out, F8 (Line Drive, 8RM, EV 90.6 MPH)
|
| Bottom of the 2nd over - 0 runs, 1 hit, 0 errors, 1 left on base; Rochester 0 - Round Rock 2 |
| TOP OF THE 3RD |
|
Rochester Red Wings batting - Pitching for Round Rock Express : RHP Morton Gimsing
|
|
Batting: LHB Bill Young
|
0-0: Ball 1-0: Ground out U3 (Groundball, 3S, EV 66.9 MPH)
|
|
Batting: RHB Eric Narrow
|
0-0: Called Strike 0-1: Foul Ball, location: 2F 0-2: Foul Ball, location: 2F 0-2: SINGLE (Groundball, P, EV 79.4 MPH) (infield hit)
|
|
Batting: RHB Mario Taureda
|
0-0: Called Strike 0-1: Ball 1-1: Fielders Choice at 2nd, 2-4 (Groundball, 15S, EV 76.9 MPH)
|
|
Batting: SHB David Myles
|
0-0: Ball 1-0: Called Strike 1-1: Fly out, F7 (Flyball, 7D, EV 91.3 MPH)
|
| Top of the 3rd over - 0 runs, 1 hit, 0 errors, 1 left on base; Rochester 0 - Round Rock 2 |
| BOTTOM OF THE 3RD |
|
Round Rock Express batting - Pitching for Rochester Red Wings : LHP Brett Grijalva
|
|
Batting: RHB Luke Stark
|
0-0: Ball 1-0: SOLO HOME RUN (Flyball, 78XD, EV 102.5 MPH), Distance : 397 ft
|
|
Batting: RHB Andrew Clarke
|
0-0: Foul Ball, location: 2F 0-1: Ball 1-1: Ball 2-1: Foul Ball, location: 2F 2-2: Fly out, F4 (Popup, 3DF, EV 45.0 MPH)
|
|
Batting: LHB Jeff Densmore
|
0-0: Ball 1-0: Ground out U3 (Groundball, 34, EV 84.4 MPH)
|
|
Batting: RHB Dale Aubrey
|
0-0: Ball 1-0: Ball 2-0: Fly out, F8 (Flyball, 8LM, EV 86.9 MPH)
|
| Bottom of the 3rd over - 1 run, 1 hit, 0 errors, 0 left on base; Rochester 0 - Round Rock 3 |
| TOP OF THE 4TH |
|
Rochester Red Wings batting - Pitching for Round Rock Express : RHP Morton Gimsing
|
|
Batting: RHB Tony Rivera
|
0-0: Called Strike 0-1: SINGLE (Line Drive, 9S, EV 102.5 MPH)
|
|
Batting: RHB Hildo Pot
|
0-0: Ball 1-0: SINGLE (Line Drive, 5D, EV 99.4 MPH) Tony Rivera to second
|
|
Batting: RHB Michel Martineau
|
0-0: Called Strike 0-1: Called Strike 0-2: Ball 1-2: Fly out, F8 (Flyball, 78XD, EV 101.9 MPH) Runner from 2nd tags up, SAFE at 3rd, no throw by CF
|
|
Batting: SHB Aaron Tatar
|
0-0: Ball Hildo Pot is caught stealing 2nd base 2-6 1-0: Ground out 1-3 (Groundball, 34S, EV 68.8 MPH)
|
| Top of the 4th over - 0 runs, 2 hits, 0 errors, 1 left on base; Rochester 0 - Round Rock 3 |
| BOTTOM OF THE 4TH |
|
Round Rock Express batting - Pitching for Rochester Red Wings : LHP Brett Grijalva
|
|
Batting: RHB Bobby Keithley
|
0-0: Called Strike 0-1: Ball 1-1: Ball 2-1: Ball 3-1: Base on Balls
|
|
Batting: SHB Alvare Bairro
|
0-0: Ball 1-0: Swinging Strike 1-1: Ball 2-1: Swinging Strike 2-2: Ball 3-2: DOUBLE (Flyball, 9LD, EV 98.1 MPH) Bobby Keithley to third
|
|
Batting: LHB Grant Johnson
|
0-0: Ball 1-0: Ball 2-0: Ball 3-0: Foul Ball, location: 2F 3-1: Base on Balls
|
|
Batting: LHB Yat-sen Zhu
|
0-0: Ball 1-0: Called Strike 1-1: Fly out, F8 (Line Drive, 8RD, EV 86.9 MPH) Runner from 3rd tags up, SCORES, throw by CF
|
|
Batting: SHB David Simpson
|
0-0: Ball 1-0: Ball 2-0: Called Strike 2-1: Foul Ball, location: 2F 2-2: Foul Ball, location: 2F 2-2: Strikes out swinging
|
|
Batting: RHB Luke Stark
|
0-0: Called Strike 0-1: Ball 1-1: Ball 2-1: Called Strike 2-2: Ball 3-2: Foul Ball, location: 2F 3-2: Foul Ball, location: 2F 3-2: Ground out 6-3 (Groundball, 6D, EV 100.0 MPH)
|
| Bottom of the 4th over - 1 run, 1 hit, 0 errors, 2 left on base; Rochester 0 - Round Rock 4 |
| TOP OF THE 5TH |
|
Rochester Red Wings batting - Pitching for Round Rock Express : RHP Morton Gimsing
|
|
Batting: RHB Joe Zimmerman
|
0-0: Ball 1-0: Called Strike 1-1: Ground out 5-3 (Groundball, 56S, EV 79.4 MPH)
|
|
Batting: LHB Bill Young
|
0-0: Ball 1-0: SINGLE (Groundball, 4D, EV 103.1 MPH)
|
|
Batting: RHB Eric Narrow
|
0-0: Ball 1-0: Called Strike 1-1: Ball 2-1: DOUBLE (Line Drive, 8RD, EV 93.1 MPH) Bill Young to third
|
|
Batting: RHB Mario Taureda
|
0-0: Ball 1-0: Ground out 1-3 (Groundball, 15S, EV 70.0 MPH)
|
|
Batting: SHB David Myles
|
0-0: Swinging Strike 0-1: Ball 1-1: Ball 2-1: Called Strike 2-2: Strikes out looking
|
| Top of the 5th over - 0 runs, 2 hits, 0 errors, 2 left on base; Rochester 0 - Round Rock 4 |
| BOTTOM OF THE 5TH |
|
Round Rock Express batting - Pitching for Rochester Red Wings : LHP Brett Grijalva
|
|
Batting: RHB Andrew Clarke
|
0-0: Called Strike 0-1: Ball 1-1: Foul Ball, location: 2F 1-2: Ground out 4-3 (Groundball, 4MS, EV 78.1 MPH)
|
|
Batting: LHB Jeff Densmore
|
0-0: Ground out 1-3 (Groundball, 34S, EV 68.1 MPH)
|
|
Batting: RHB Dale Aubrey
|
0-0: Ball 1-0: Ball 2-0: Called Strike 2-1: Foul Ball, location: 2F 2-2: SOLO HOME RUN (Flyball, 7D, EV 98.1 MPH), Distance : 367 ft
|
|
Pitching: RHP Keeley Schenk
|
|
|
Batting: RHB Bobby Keithley
|
0-0: Foul Ball, location: 2F 0-1: Ball 1-1: Fly out, F9 (Flyball, 9LD, EV 101.3 MPH)
|
| Bottom of the 5th over - 1 run, 1 hit, 0 errors, 0 left on base; Rochester 0 - Round Rock 5 |
| TOP OF THE 6TH |
|
Rochester Red Wings batting - Pitching for Round Rock Express : RHP Morton Gimsing
|
|
Batting: RHB Tony Rivera
|
0-0: Called Strike 0-1: Called Strike 0-2: Ball 1-2: Foul Ball, location: 2F 1-2: Strikes out swinging
|
|
Batting: RHB Hildo Pot
|
0-0: Fly out, F8 (Flyball, 8RD, EV 107.5 MPH)
|
|
Batting: RHB Michel Martineau
|
0-0: Reached on error, E6 (Groundball, 56, EV 103.1 MPH)
|
|
Batting: SHB Aaron Tatar
|
0-0: Ball 1-0: Fly out, F7 (Flyball, 78S, EV 81.3 MPH)
|
| Top of the 6th over - 0 runs, 0 hits, 1 error, 1 left on base; Rochester 0 - Round Rock 5 |
| BOTTOM OF THE 6TH |
|
Round Rock Express batting - Pitching for Rochester Red Wings : RHP Keeley Schenk
|
|
Batting: SHB Alvare Bairro
|
0-0: Called Strike 0-1: Ball 1-1: Swinging Strike 1-2: Fly out, F8 (Flyball, 78D, EV 99.4 MPH)
|
|
Batting: LHB Grant Johnson
|
0-0: Ball 1-0: Ball 2-0: Called Strike 2-1: SINGLE (Groundball, 56D, EV 80.6 MPH) (infield hit)
|
|
Batting: LHB Yat-sen Zhu
|
0-0: Called Strike 0-1: Called Strike Grant Johnson steals 2nd base 0-2: Ground out 4-3 (Groundball, 4S, EV 80.6 MPH) Grant Johnson to third
|
|
Batting: SHB David Simpson
|
0-0: Ball 1-0: Swinging Strike 1-1: SINGLE (Line Drive, 34D, EV 103.1 MPH) Grant Johnson scores
|
|
Batting: RHB Luke Stark
|
0-0: Ball 1-0: Hit by Pitch David Simpson to second
|
|
Batting: RHB Andrew Clarke
|
0-0: Fly out, F7 (Flyball, 7LM, EV 77.5 MPH)
|
| Bottom of the 6th over - 1 run, 2 hits, 0 errors, 2 left on base; Rochester 0 - Round Rock 6 |
| TOP OF THE 7TH |
|
Rochester Red Wings batting - Pitching for Round Rock Express : RHP Morton Gimsing
|
|
Batting: RHB Joe Zimmerman
|
0-0: Ball 1-0: Ball 2-0: Ground out U3 (Groundball, 34, EV 84.4 MPH)
|
|
Batting: LHB Bill Young
|
0-0: Called Strike 0-1: Called Strike 0-2: Foul Ball, location: 2F 0-2: Foul Ball, location: 2F 0-2: Ball 1-2: Ground out 4-3 (Groundball, 34, EV 110.0 MPH)
|
|
Batting: RHB Eric Narrow
|
0-0: Fly out, F4 (Popup, 3S, EV 78.1 MPH)
|
| Top of the 7th over - 0 runs, 0 hits, 0 errors, 0 left on base; Rochester 0 - Round Rock 6 |
| BOTTOM OF THE 7TH |
|
Round Rock Express batting - Pitching for Rochester Red Wings : RHP Keeley Schenk
|
|
Batting: LHB Jeff Densmore
|
0-0: Called Strike 0-1: Called Strike 0-2: Ball 1-2: Strikes out swinging
|
|
Batting: RHB Dale Aubrey
|
0-0: Called Strike 0-1: Ball 1-1: Ball 2-1: Swinging Strike 2-2: Fly out, F8 (Flyball, 89D, EV 103.1 MPH)
|
|
Batting: RHB Bobby Keithley
|
0-0: Foul Ball, location: 2F 0-1: Foul Ball, location: 2F 0-2: Ball 1-2: Ground out 6-3 (Groundball, 6MS, EV 77.5 MPH)
|
| Bottom of the 7th over - 0 runs, 0 hits, 0 errors, 0 left on base; Rochester 0 - Round Rock 6 |
| TOP OF THE 8TH |
|
Rochester Red Wings batting - Pitching for Round Rock Express : RHP Morton Gimsing
|
|
Batting: RHB Mario Taureda
|
0-0: Foul Ball, location: 2F 0-1: Fly out, F8 (Flyball, 8LM, EV 78.8 MPH)
|
|
Batting: SHB David Myles
|
0-0: Ball 1-0: Fly out, F7 (Line Drive, 7D, EV 85.0 MPH)
|
|
Pitching: RHP Takuya Horiuchi
|
|
|
Batting: RHB Tony Rivera
|
0-0: Swinging Strike 0-1: Called Strike 0-2: Foul Ball, location: 2F 0-2: Ball 1-2: Strikes out swinging
|
| Top of the 8th over - 0 runs, 0 hits, 0 errors, 0 left on base; Rochester 0 - Round Rock 6 |
| BOTTOM OF THE 8TH |
|
Round Rock Express batting - Pitching for Rochester Red Wings : RHP Keeley Schenk
|
|
Pitching: RHP Matt Gray
|
|
|
Batting: SHB Alvare Bairro
|
0-0: Ground out 1-3 (Groundball, 13S, EV 65.0 MPH)
|
|
Batting: LHB Grant Johnson
|
0-0: Ball 1-0: Ground out 4-3 (Groundball, 4, EV 108.8 MPH)
|
|
Batting: LHB Yat-sen Zhu
|
0-0: Ball 1-0: Ball 2-0: Foul Ball, location: 2F 2-1: Foul Ball, location: 2F 2-2: Foul Ball, location: 2F 2-2: Fly out, F5 (Popup, 5S, EV 80.0 MPH)
|
| Bottom of the 8th over - 0 runs, 0 hits, 0 errors, 0 left on base; Rochester 0 - Round Rock 6 |
| TOP OF THE 9TH |
|
Rochester Red Wings batting - Pitching for Round Rock Express : RHP Takuya Horiuchi
|
|
Batting: RHB Hildo Pot
|
0-0: Ball 1-0: Fly out, F1 (Line Drive, P, EV 68.8 MPH)
|
|
Batting: RHB Michel Martineau
|
0-0: Called Strike 0-1: Called Strike 0-2: Ball 1-2: Foul Ball, location: 2F 1-2: Ball 2-2: Foul Ball, location: 2F 2-2: Ball 3-2: Fly out, F7 (Flyball, 7LM, EV 104.4 MPH)
|
|
Batting: SHB Aaron Tatar
|
0-0: Ball 1-0: Foul Ball, location: 2F 1-1: Called Strike 1-2: Ground out 6-3 (Groundball, 4M, EV 100.6 MPH)
|
| Top of the 9th over - 0 runs, 0 hits, 0 errors, 0 left on base; Rochester 0 - Round Rock 6 |
|